 Dungeon Crawl Stone Soup version 0.28-a0-1447-ga5a8893891 (webtiles) character file.

Game seed: 4903435523158921462

341072 riojii the Sorcerer (level 23, -18/111 HPs)
             Began as a Djinni Fire Elementalist on Jan 11, 2022.
             Was the Champion of Hepliaklqana.
             Killed from afar by a tengu reaver (50 damage)
             ... with a bolt of cold
             ... on level 1 of the Vaults.
             The game lasted 03:40:45 (52111 turns).

riojii the Sorcerer (Djinni Fire Elementalist)     Turns: 52111, Time: 03:40:46

Health: -18/111    AC: 29    Str:  5    XL:     23   Next: 0%
Gold:   3703       EV: 17    Int: 34    God:    Hepliaklqana [******] SH: 26 Dex: 17

rFire   + + +      SeeInvis +   r - +7 morningstar of the Equinox {flame, rF+ rC+}
rCold   . . .      Faith    .   p - +7 tower shield of Exebotor {Regen+ Slay+2}
rNeg    . . .      Spirit   .   J - +8 ring mail of the Wumpus {Dex+3}
rPois   ∞          Reflect  .   f - +1 helmet {SInv}
rElec   .          Harm     .   A - +1 cloak {Will+}
rCorr   .          Rampage  .   y - +2 pair of gloves
Will    +++..                   (boots unavailable)
Stlth   +.........              C - amulet of regeneration
HPRegen 1.88/turn               g - +4 ring of protection
MPRegen 0.00/turn               L - ring "Fiech" {EV+4 Str-2 Int+6}

@: about to teleport, flying
A: reduced essence, sickness immunity, fire resistance 2, cold vulnerability 1,
float, innate caster, hp casting, extra vitality 1
}: 2/15 runes: barnacled, gossamer
a: Renounce Religion, Recall Ancestor, Ancestor Identity, Transference, Idealise


You were on level 1 of the Vaults.
You worshipped Hepliaklqana.
Hepliaklqana was exalted by your worship.
You visited 8 branches of the dungeon, and saw 38 of its levels.
You also visited: Volcano.

You collected 4967 gold pieces.
You spent 1264 gold pieces at shops.

Inventory:

Hand Weapons
 r - the +7 morningstar of the Equinox (weapon) {flame, rF+ rC+}
   (You found it on level 11 of the Dungeon)

   It burns those it strikes, dealing additional fire damage.
   rF:        It protects you from fire.
   rC:        It protects you from cold.
 z - a +6 short sword of speed
Armour
 f - a +1 helmet of see invisible (worn)
 p - the +7 tower shield of Exebotor (worn) {Regen+ Slay+2}
   (You found it on level 5 of the Dungeon)

   Slay:      It affects your accuracy & damage with ranged weapons and melee
   (+2).
   Regen:     It increases your rate of health regeneration.
 y - a +2 pair of gloves (worn)
 A - a +1 cloak of willpower (worn)
 J - the +8 ring mail of the Wumpus (worn) {Dex+3}
   (You bought it in a shop on level 2 of the Orcish Mines)

   Dex:       It affects your dexterity (+3).
Jewellery
 g - a +4 ring of protection (left hand)
 C - an amulet of regeneration (around neck)
 H - a ring of protection from cold
 I - a +4 ring of slaying
 L - the ring "Fiech" (right hand) {EV+4 Str-2 Int+6}
   (You took it off a tengu warrior on level 13 of the Dungeon)

   [ring of evasion]

   EV:        It affects your evasion (+4).
   Str:       It affects your strength (-2).
   Int:       It affects your intelligence (+6).
 M - an amulet of reflection
 O - the ring "Xoemut" {rPois Will+ Str+4}
   (You found it on level 2 of the Orcish Mines)

   [ring of poison resistance]

   Str:       It affects your strength (+4).
   rPois:     It protects you from poison.
   Will:      It increases your willpower.
 P - the ring "Ruthos" {Wiz rF+}
   (You found it on level 1 of the Spider Nest)

   [ring of wizardry]

   It improves your spell success rate.
   rF:        It protects you from fire.
 Z - a +6 ring of intelligence
Wands
 t - a wand of iceblast (42)
 D - a wand of paralysis (22)
 E - a wand of mindburst (17)
 F - a wand of digging (17)
 K - a wand of polymorph (14)
 Q - a wand of flame (39)
 S - a wand of charming (5)
Scrolls
 a - 3 scrolls of blinking
 h - 3 scrolls of enchant armour
 i - 5 scrolls of magic mapping
 k - 10 scrolls of teleportation
 n - 7 scrolls of fear
 q - a scroll of identify
 x - a scroll of enchant weapon
 R - a scroll of silence
Potions
 c - 4 potions of haste
 d - 14 potions of curing
 e - 2 potions of resistance
 j - 5 potions of brilliance
 m - a potion of might
 o - 10 potions of ambrosia
 s - 3 potions of cancellation
 v - a potion of heal wounds
 w - 6 potions of mutation
 G - a potion of invisibility
Miscellaneous
 b - a condenser vane
 l - a lightning rod (4/4)
 u - a piece from Xom's chessboard (15/15)
 N - a box of beasts
 Y - a phial of floods


   Skills:
 - Level 13.9 Armour
 - Level 15.3 Dodging
 - Level 1.5 Stealth
 - Level 14.0 Shields
 * Level 23.9 Spellcasting


You had 2 spell levels left.
You knew the following spells:

 Your Spells              Type           Power      Damage    Failure   Level
a - Foxfire               Conj/Fire      100%       2x1d9     0%          1
b - Scorch                Fire           100%       2d10      0%          2
c - Conjure Flame         Conj/Fire      100%       6-21      0%          3
d - Inner Flame           Hex/Fire       100%       N/A       0%          3
e - Flame Wave            Conj/Fire      100%       2d14      0%          4
f - Summon Small Mammal   Summ           100%       N/A       0%          1
g - Passwall              Tmut/Erth      97%        N/A       0%          2
h - Stone Arrow           Conj/Erth      100%       3d13      0%          3
i - Iskenderun's Mystic   Conj/Tloc      100%       2d19      0%          4
j - Agony                 Necr           100%       N/A       0%          5
k - Iskenderun's Battles  Conj           100%       2d15      0%          5
l - Simulacrum            Ice/Necr       58%        N/A       1%          6
m - Dragon Form           Tmut           58%        N/A       1%          7
n - Orb of Destruction    Conj           58%        9d17      1%          7
o - Enfeeble              Hex            58%        N/A       1%          7
p - Summon Hydra          Summ           58%        N/A       1%          7
Your spell library was empty.

Dungeon Overview and Level Annotations

Branches:
Dungeon (15/15)            Temple (1/1) D:7            Lair (6/6) D:11
 Shoals (4/4) Lair:4       Spider (4/4) Lair:2        Slime (0/5) Lair:5
    Orc (2/2) D:11            Elf (2/3) Orc:2        Vaults (4/5) D:13
  Crypt (0/3) Vaults:2     Depths (0/4) D:15        Volcano (visited)

Altars:
Ashenzari
Cheibriados
Dithmenos
Elyvilon
Fedhas
Gozag
Hepliaklqana
Kikubaaqudgha
Makhleb
Nemelex Xobeh
Okawaru
Qazlal
Ru
Sif Muna
Trog
Uskayaw
Vehumet
Wu Jian
Xom
Yredelemnul
Zin
The Shining One
Beogh

Shops:
D:5 =*??[   D:13 (   D:15 =   Orc:2 [=*![   Elf:1 [(   Shoals:2 !   Vaults:2 !

Portals:
Trove: Elf:1 (give +2 storm dragon scales)

Annotations:
D:3 1 runed translucent door, ThrustWizard's ghost, weakling DsWr
D:7 1 transporter, Clumpoid's ghost, novice GnWn
Lair:4 1 runed translucent door, shadowrider38's ghost, journeyman DrAE
Spider:2 Roxanne


Innate Abilities, Weirdness & Mutations

Your life essence is reduced to manifest your ancestor. (-10% HP)
You are immune to sickness and miasma.
You are immune to poison.
Your flesh is very heat resistant. (rF++)
You are vulnerable to cold. (rC-)
You float through the air rather than walking.
You learn spells naturally, not from books.
Your magical power is your life essence.
You have superior vitality. (+4 MHP)


Message History

The phantasmal warrior is knocked back by the mystic blast.
The mystic blast hits the yaktaur captain!
You kill the yaktaur captain!
The mystic blast hits the yaktaur captain!!
The yaktaur captain is moderately wounded.
The yaktaur captain is knocked back by the mystic blast.
The mystic blast hits the war gargoyle but does no damage.
The war gargoyle is moderately damaged.
The mystic blast hits the ettin!!
The ettin is almost dead.
The mystic blast hits the tengu reaver!!
The tengu reaver is moderately wounded.
The tengu reaver is knocked back by the mystic blast.
The tengu reaver collides with the phantasmal warrior!
The tengu reaver is moderately wounded.
The mystic blast hits the freezing wraith!
The freezing wraith is severely damaged.
The freezing wraith is knocked back by the mystic blast.
The mystic blast hits the stone giant!
You kill the stone giant!
The war gargoyle hits you but does no damage.
The tengu reaver casts a spell at you.
The bolt of poison hits you but does no damage.
You resist. The ettin closely misses you. You block the ettin's attack.
The yaktaur captain shoots a bolt.
The bolt hits you!!
The vault warden throws a stone.
The stone hits you but does no damage.
You have reached level 23!
The power to cast Summon Hydra wells up from within.
Spell assigned to 'p'.
Casting: Iskenderun's Mystic Blast (safe; 0% risk of failure)
Confirm with . or Enter, or press ? or * to list all spells.
You erupt in a blast of force!
The mystic blast hits the war gargoyle!
The war gargoyle is moderately damaged.
The war gargoyle is knocked back by the mystic blast.
The mystic blast hits the ettin!!
You kill the ettin!
* * * LOW HITPOINT WARNING * * *
The tengu reaver gestures at you while chanting.
The bolt of cold hits you!!!
You die...

#........# #......#
#........# #......#
#........# #......#
#........# #......#
#........# #.[....#
#...(.[..# #[[..[.#
#.([.....# #......# ########
##'#####+###+########.......
### #.#
#....)@)...9...#....(..
##.## #.#
#.....((.......#.......
#...###.#
#..''')')''''..#.......
..∩..#.##
#..Q''W''p'+'..'.......
#.....##
#..'''''cQ'+'..#.......
##...##
#W.'++....++'..#.......
##.##
#..''+/...'''..#.[..... ###
#..''+[...++'..########
#..'''....'''..#


You could see a vault warden, 2 tengu reavers, a yaktaur captain, a war
gargoyle, a phantasmal warrior and a freezing wraith.

Vanquished Creatures
  Arachne (Spider:4)
  Mlioglotl (Spider:2)
  A kraken (Shoals:2)
  Gastronok (D:12)
  5 sphinxes
  A storm dragon (Shoals:4)
  9 vault wardens
  3 emperor scorpions
  7 ghost moths
  2 deep elf sorcerers
  2 orc warlords (Orc:2)
  A deep elf elementalist (Elf:1)
  A broodmother (Spider:3)
  3 stone giants
  11 ironbound preservers
  4 ironbound thunderhulks
  10 very ugly things
  A vampire knight (Vaults:2)
  2 entropy weavers
  A deep elf annihilator (Vaults:4)
  2 deep elf demonologists
  8 dire elephants
  6 spark wasps
  3 ettins (Vaults:1)
  A deep elf death mage (Vaults:2)
  4 merfolk javelineers
  A deep elf high priest (Vaults:4)
  3 fire dragons
  10 merfolk impalers
  Josephine (Lair:6)
  7 yaktaur captains
  2 boulder beetles (Spider:4)
  2 great orbs of eyes
  A servant of whispers (Vaults:3)
  8 vault guards
  Erolcha (D:10)
  19 hydras
  An ice dragon (D:15)
  An ogre mage (Vaults:3)
  Fannar (D:11)
  7 merfolk aquamancers
  A radroach (Spider:3)
  2 alligator snapping turtles
  2 ironbound frosthearts (Vaults:4)
  3 two-headed ogres
  A death knight (Vaults:2)
  A catoblepas (Lair:2)
  The ghost of Anuemis the Protected, a journeyman GrGl of Okawaru (Lair:2)
  Erica (Lair:2)
  3 centaur warriors
  3 merfolk avatars
  2 tengu warriors (D:13)
  A satyr (Shoals:4)
  28 dancing weapons
  9 spriggans (Lair:6)
  20 deep elf knights
  3 pharaoh ants
  5 skeletal warriors
  2 glowing orange brains
  34 deep trolls
  7 orb spiders
  7 sea snakes
  6 steelbarb worms
  A phantasmal warrior (Vaults:3)
  8 wizards
  12 orc knights
  13 harpies
  9 ironbound convokers
  18 deep elf pyromancers
  2 necromancers
  26 deep elf zephyrmancers
  2 orc sorcerers
  13 deep elf archers
  5 fauns
  27 ugly things
  An oklob plant (Lair:3)
  19 wolf spiders
  A frost giant zombie (Vaults:4)
  11 manticores
  A moth of wrath (Spider:2)
  An elephant (Lair:5)
  20 vault sentinels
  A smoke demon (Volcano)
  7 merfolk sirens
  5 cyclopes
  Maurice (D:9)
  7 black mambas
  9 water nymphs
  9 cane toads
  2 gargoyles
  A molten gargoyle (Volcano)
  A torpor snail (Lair:2)
  Psyche (D:9)
  34 yaktaurs
  9 demonic crawlers
  An unseen horror (D:10)
  2 freezing wraiths
  4 rime drakes
  7 komodo dragons
  A meliai (shapeshifter) (D:11)
  23 merfolk
  13 meliai
  A queen bee (D:14)
  3 trolls
  A red devil (Volcano)
  10 hornets
  10 wind drakes
  8 polar bears
  27 tarantellas
  12 blink frogs
  A saltling (Vaults:3)
  38 slime creatures
  45 jumping spiders
  A fire giant simulacrum (Vaults:4)
  4 snapping turtles
  A flying skull (Vaults:2)
  7 air elementals (Shoals:4)
  18 culicivoras
  4 wraiths
  3 shadows
  Eustachio (D:5)
  4 wyverns
  15 humans
  2 steam dragons
  34 yaks
  5 fire bats
  5 fire elementals
  4 hogs (Lair:5)
  22 water elementals
  11 basilisks
  A redback (shapeshifter) (Vaults:2)
  48 redbacks
  20 vampire mosquitoes
  Menkaure (D:5)
  11 wargs
  3 hexers
  28 water moccasins
  6 hell hounds
  44 orc warriors
  A black bear (D:5)
  An ice beast (D:6)
  5 centaurs
  20 wolves (Lair:6)
  A centaur (shapeshifter) (D:14)
  10 ogres
  6 boggarts
  2 human skeletons (Vaults:4)
  A phantom (D:6)
  3 kobold brigands
  10 bullfrogs
  A gnoll sergeant (D:8)
  2 earth elementals
  4 scorpions
  A wyvern skeleton (D:6)
  24 killer bees
  3 wights (D:10)
  3 electric eels
  3 howler monkeys
  9 lava snakes
  2 centaur zombies
  2 hounds (D:7)
  16 orc priests
  Natasha (thrice) (D:3)
  4 iguanas
  19 orc wizards
  A howler monkey zombie (D:9)
  11 gnolls
  6 adders
  A shadow imp (D:7)
  2 white imps (D:6)
  An ufetubus (D:5)
  2 adder skeletons (D:4)
  4 worms (D:2)
  4 dart slugs
  70 orcs
  7 endoplasms
  4 giant cockroaches
  9 goblins
  6 hobgoblins
  7 jackals
  3 quokkas
  6 ball pythons
  4 bats
  2 frilled lizards
  29 kobolds
  4 rats (D:3)
  A tentacle (Shoals:2)
1425 creatures vanquished.

Vanquished Creatures (collateral kills)
  A golden dragon (Vaults:4)
  Nikola (Elf:2)
  Jorgrun (Elf:1)
  Kirke (Lair:5)
  A vault warden (Vaults:4)
  2 emperor scorpions (Spider:3)
  3 ironbound preservers
  A very ugly thing (Vaults:3)
  An entropy weaver (Spider:1)
  2 dire elephants
  A fire dragon (D:15)
  A vault guard (Vaults:1)
  A boulder beetle (Lair:4)
  A hydra (Elf:2)
  A two-headed ogre (D:10)
  A dancing weapon (Elf:2)
  A deep elf knight (Elf:2)
  A hell knight (Volcano)
  2 orb spiders
  A steelbarb worm (Spider:3)
  2 deep trolls
  2 harpies (Shoals:2)
  A deep elf archer (Elf:1)
  A wizard (Vaults:2)
  2 deep elf pyromancers (Elf:2)
  2 wolf spiders
  2 deep elf zephyrmancers (Elf:1)
  A manticore (D:11)
  A cyclops (D:12)
  9 ugly things
  A faun (Shoals:1)
  3 elephants (Lair:5)
  2 vault sentinels (Vaults:2)
  A black mamba (Lair:2)
  A cane toad (Lair:1)
  2 unseen horrors
  A yaktaur (Vaults:1)
  A queen bee (shapeshifter) (D:11)
  2 meliai
  A merfolk (Shoals:1)
  A troll (shapeshifter) (D:15)
  A troll (D:13)
  A polar bear (Lair:6)
  A saltling (Vaults:3)
  2 hornets
  2 tarantellas
  2 slime creatures
  2 blink frogs
  4 culicivoras
  3 jumping spiders
  2 spriggans (Lair:6)
  2 wyverns
  A water elemental (Shoals:1)
  6 yaks
  2 hogs (Lair:5)
  A basilisk (D:11)
  A human (D:13)
  5 redbacks
  3 vampire mosquitoes
  2 wargs
  A hell hound (Elf:2)
  A water moccasin (Lair:1)
  2 orc warriors (Orc:2)
  A black bear (Lair:6)
  An ogre (Orc:2)
  A boggart (Lair:6)
  A wolf (Lair:6)
  A bullfrog (Lair:3)
  A killer bee (D:14)
  A lava snake (Volcano)
  2 orcs (Orc:2)
  3 foxfires
123 creatures vanquished.

Vanquished Creatures (others)
  A ghost moth (Spider:4)
  An entropy weaver (Spider:1)
  An orb spider (Spider:4)
  A wizard (Vaults:3)
  A deep elf pyromancer (Elf:2)
  64 hexers
  A hell rat (Elf:2)
  577 foxfires
  37 fungi
  60 plants
  4 tentacles (Shoals:2)
748 creatures vanquished.

Grand Total: 2296 creatures vanquished

Notes
Turn   | Place    | Note
-------+----------+-------------------------------------------
     0 | D:1      | riojii the Djinni Fire Elementalist began the quest for the
                  | Orb.
     0 | D:1      | Reached XP level 1. HP: 15/15 MP: 0/0
   311 | D:1      | Reached XP level 2. HP: 17/21 MP: 0/0
   653 | D:1      | Found a faded altar of an unknown god.
   768 | D:1      | Reached skill level 3 in Spellcasting
  1003 | D:1      | Reached XP level 3. HP: 23/25 MP: 0/0
  1003 | D:1      | Learned a level 1 spell: Summon Small Mammal
  2379 | D:2      | Reached XP level 4. HP: 27/31 MP: 0/0
  2630 | D:2      | Reached skill level 4 in Spellcasting
  2816 | D:2      | Reached XP level 5. HP: 29/35 MP: 0/0
  2816 | D:2      | Learned a level 2 spell: Passwall
  3308 | D:3      | Found a runed translucent door.
  3309 | D:3      | Noticed a bullfrog
  3311 | D:3      | Noticed ThrustWizard's ghost (weakling DsWr)
  3357 | D:3      | Noticed Natasha
  3373 | D:3      | Killed Natasha
  3468 | D:3      | Noticed Natasha
  3501 | D:3      | HP: 1/35 [white imp[Natasha] (3)]
  3502 | D:3      | Killed Natasha
  4577 | D:3      | Noticed Natasha
  4579 | D:3      | Killed Natasha
  4580 | D:3      | Reached XP level 6. HP: 36/40 MP: 0/0
  4889 | D:4      | Reached skill level 5 in Spellcasting
  6007 | D:5      | Entered Level 5 of the Dungeon
  6010 | D:5      | Found Geympu's Antique Armour Boutique.
  6038 | D:5      | Reached XP level 7. HP: 43/45 MP: 0/0
  6038 | D:5      | Learned a level 3 spell: Stone Arrow
  6105 | D:5      | Noticed Eustachio
  6105 | D:5      | Noticed Menkaure
  6131 | D:5      | Killed Menkaure
  6132 | D:5      | Reached skill level 6 in Spellcasting
  6137 | D:5      | Killed Eustachio
  6315 | D:5      | Identified the +7 tower shield of Exebotor {Regen+ Slay+2}
  6386 | D:5      | Found Nufyiqo's Magic Scroll Boutique.
  6613 | D:5      | Reached skill level 7 in Spellcasting
  6613 | D:5      | Reached XP level 8. HP: 36/50 MP: 0/0
  6706 | D:5      | Found Neabaeby's Jewellery Boutique.
  6912 | D:5      | Found Nesuuq's Assorted Antiques.
  7106 | D:5      | Found Piphitef's Magic Scroll Shoppe.
  7694 | D:6      | Reached skill level 8 in Spellcasting
  7728 | D:6      | Reached skill level 1 in Shields
  7852 | D:6      | Found an opulent altar of Gozag.
  7880 | D:6      | Reached XP level 9. HP: 49/55 MP: 0/0
  7880 | D:6      | Learned a level 4 spell: Iskenderun's Mystic Blast
  8165 | D:6      | Identified the +0 robe "Gioddina" {Fly rElec Dex-2 SInv}
  8788 | D:7      | Found a staircase to the Ecumenical Temple.
  8800 | D:7      | Reached skill level 9 in Spellcasting
  9225 | Temple   | Entered the Ecumenical Temple
  9655 | Temple   | Became a worshipper of Hepliaklqana the Forgotten
  9693 | D:7      | Noticed Clumpoid's ghost (novice GnWn)
  9694 | D:7      | Found a transporter.
 10550 | D:8      | Reached * piety under Hepliaklqana
 10805 | D:9      | Reached XP level 10. HP: 46/54 MP: 0/0
 10854 | D:9      | Reached skill level 5 in Shields
 10876 | D:9      | Noticed Maurice
 10880 | D:9      | Killed Maurice
 10881 | D:9      | Reached skill level 10 in Spellcasting
 11369 | D:9      | Noticed Psyche
 11377 | D:9      | Killed Psyche
 11625 | D:10     | Entered Level 10 of the Dungeon
 11710 | D:10     | Killed an unseen horror
 11798 | D:10     | Noticed a two-headed ogre
 11803 | D:10     | Killed a two-headed ogre
 11804 | D:10     | Reached skill level 11 in Spellcasting
 11804 | D:10     | Reached XP level 11. HP: 54/58 MP: 0/0
 11804 | D:10     | Learned a level 5 spell: Agony
 11810 | D:10     | Reached ** piety under Hepliaklqana
 11811 | D:10     | Remembered your ancestor Kolthar as a hexer
 12090 | D:10     | Noticed Erolcha
 12094 | D:10     | Killed Erolcha
 12409 | D:11     | Noticed a centaur warrior
 12409 | D:11     | Noticed a cyclops
 12413 | D:11     | Noticed a purple ugly thing
 12418 | D:11     | Killed a centaur warrior
 12419 | D:11     | Noticed a manticore
 12591 | D:11     | Noticed a centaur warrior
 12593 | D:11     | Noticed a cyan ugly thing
 12598 | D:11     | Killed a centaur warrior
 12614 | D:11     | Reached skill level 12 in Spellcasting
 12652 | D:11     | Killed a cyan ugly thing
 12787 | D:11     | Noticed Fannar
 12801 | D:11     | Killed Fannar
 12815 | D:11     | Noticed a manticore
 12821 | D:11     | Killed a manticore
 12879 | D:11     | Found the +4 Cigotuvi's embrace {rMiasma Drain rN+}
 12905 | D:11     | Killed a purple ugly thing
 12908 | D:11     | Noticed a two-headed ogre
 12916 | D:11     | Killed a two-headed ogre
 12917 | D:11     | Reached XP level 12. HP: 54/63 MP: 0/0
 12937 | D:11     | Identified the +7 morningstar of the Equinox {flame, rF+
                  | rC+}
 12985 | D:11     | Reached skill level 1 in Armour
 13622 | D:11     | Reached skill level 13 in Spellcasting
 13697 | D:11     | Found a staircase to the Lair.
 13906 | D:11     | Reached *** piety under Hepliaklqana
 14128 | D:11     | Found a staircase to the Orcish Mines.
 14466 | D:12     | Noticed Gastronok
 14473 | D:12     | Killed Gastronok
 14474 | D:12     | Reached skill level 5 in Dodging
 14507 | D:12     | Noticed an eight-headed hydra
 14514 | D:12     | Killed an eight-headed hydra
 15078 | D:12     | Reached XP level 13. HP: 42/67 MP: 0/0
 15078 | D:12     | Learned a level 5 spell: Iskenderun's Battlesphere
 16078 | D:13     | Noticed a five-headed hydra
 16078 | D:13     | Noticed a centaur warrior
 16078 | D:13     | Found a gate to the Vaults.
 16102 | D:13     | Reached skill level 5 in Armour
 16572 | D:13     | Reached **** piety under Hepliaklqana
 17111 | D:13     | Killed a centaur warrior
 17118 | D:13     | Reached skill level 14 in Spellcasting
 17723 | D:13     | Killed a five-headed hydra
 17749 | D:13     | Found Oseminac's Antique Weapon Shop.
 18119 | D:13     | Identified the ring "Fiech" {EV+4 Str-2 Int+6}
 18725 | D:5      | Bought a shiny helmet for 157 gold pieces
 18990 | Lair:1   | Entered Level 1 of the Lair of Beasts
 19012 | Lair:1   | Noticed a six-headed hydra
 19013 | Lair:1   | Reached XP level 14. HP: 64/72 MP: 0/0
 19164 | Lair:1   | You are sucked into a shaft and drop 1 floor!
 19802 | Lair:1   | Reached skill level 15 in Spellcasting
 20293 | Lair:2   | Noticed Erica
 20302 | Lair:2   | Killed Erica
 20345 | Lair:2   | Found a runed translucent gate.
 20346 | Lair:2   | Found a runed translucent gate.
 20346 | Lair:2   | Noticed Anuemis's ghost (journeyman GrGl)
 20347 | Lair:2   | Found a runed translucent gate.
 20432 | Lair:2   | Found a hole to the Spider Nest.
 21383 | Lair:2   | Killed Anuemis's ghost
 21631 | Lair:3   | Found an iron altar of Okawaru.
 21685 | Lair:3   | Reached ***** piety under Hepliaklqana
 21864 | Lair:3   | Found a frozen archway.
 22255 | Lair:3   | Reached skill level 10 in Dodging
 22791 | Lair:4   | Reached XP level 15. HP: 69/76 MP: 0/0
 22791 | Lair:4   | Learned a level 6 spell: Simulacrum
 23251 | Lair:4   | Found a runed translucent door.
 23251 | Lair:4   | Found a shimmering altar of Xom.
 23251 | Lair:4   | Noticed shadowrider38's ghost (journeyman DrAE)
 23297 | Lair:4   | Identified the +3 great mace of Compassion {chaos, Str+2}
 23422 | Lair:4   | Found a staircase to the Shoals.
 23799 | Lair:5   | Noticed Kirke
 23813 | Lair:5   | Killed Kirke
 23945 | Lair:5   | Found a staircase to the Slime Pits.
 24544 | Lair:6   | Entered Level 6 of the Lair of Beasts
 24998 | Lair:6   | Reached skill level 10 in Shields
 25258 | Lair:6   | Reached skill level 10 in Armour
 25382 | Lair:6   | Noticed Josephine
 25390 | Lair:6   | Killed Josephine
 25625 | Lair:6   | Reached ****** piety under Hepliaklqana
 25775 | Lair:6   | Identified the +1 robe "Yluemey" {rCorr Dex+3}
 26351 | Lair:6   | Reached skill level 16 in Spellcasting
 26950 | D:14     | Reached XP level 16. HP: 77/81 MP: 0/0
 27982 | D:15     | Entered Level 15 of the Dungeon
 28288 | D:15     | Found a staircase to the Depths.
 28612 | D:15     | Found Lilueph's Jewellery Emporium.
 28620 | D:15     | Bought an amulet of regeneration for 420 gold pieces
 28811 | Orc:1    | Entered Level 1 of the Orcish Mines
 29010 | Orc:1    | Found a dark tunnel.
 29018 | Volcano  | Entered a volcano
 29295 | Volcano  | Found a bloodstained altar of Trog.
 29750 | Orc:2    | Entered Level 2 of the Orcish Mines
 29778 | Orc:2    | Found Uqa Kuqo's Armour Boutique.
 29788 | Orc:2    | Bought the +8 ring mail of the Wumpus {Dex+3} for 687 gold
                  | pieces
 29957 | Orc:2    | Found a staircase to the Elven Halls.
 30225 | Orc:2    | Found Rieghez's General Store.
 30225 | Orc:2    | Found Jiamynugg's Jewellery Boutique.
 30371 | Orc:2    | Found Qidaofet's Antique Armour Emporium.
 30371 | Orc:2    | Found Dulin's Distillery.
 30958 | Orc:2    | Identified the ring "Xoemut" {rPois Will+ Str+4}
 31306 | Spider:1 | Entered Level 1 of the Spider Nest
 31321 | Spider:1 | Reached XP level 17. HP: 79/84 MP: 0/0
 31321 | Spider:1 | Learned a level 7 spell: Dragon Form
 31727 | Spider:1 | Reached skill level 17 in Spellcasting
 31812 | Spider:1 | Identified the ring "Ruthos" {Wiz rF+}
 32222 | Spider:1 | Identified the +5 whip of the Evil Eye {drain, *Corrode
                  | rF++}
 32520 | Spider:2 | Identified Roxanne's Reference Book on Earth
 32520 | Spider:2 | Noticed Roxanne
 32886 | Spider:2 | Noticed Mlioglotl
 33033 | Spider:2 | Killed Mlioglotl
 33999 | Spider:3 | Reached skill level 18 in Spellcasting
 35120 | Spider:4 | Entered Level 4 of the Spider Nest
 35128 | Spider:4 | Reached XP level 18. HP: 81/90 MP: 0/0
 35354 | Spider:4 | Noticed Arachne
 36724 | Spider:4 | Killed Arachne
 36725 | Spider:4 | Reached skill level 19 in Spellcasting
 37435 | Spider:4 | Got a gossamer rune of Zot
 38062 | Shoals:1 | Entered Level 1 of the Shoals
 38839 | Shoals:2 | Found Atsidwip's Distillery.
 38844 | Shoals:2 | Reached skill level 20 in Spellcasting
 38846 | Shoals:2 | Reached XP level 19. HP: 79/93 MP: 0/0
 38846 | Shoals:2 | Learned a level 7 spell: Orb of Destruction
 40397 | Shoals:4 | Entered Level 4 of the Shoals
 40406 | Shoals:4 | Paralysed by an air elemental for 1 turns
 40576 | Shoals:4 | Paralysed by an air elemental for 1 turns
 41116 | Shoals:4 | Paralysed by an air elemental for 1 turns
 41142 | Shoals:4 | Reached skill level 21 in Spellcasting
 41254 | Shoals:4 | Got a barnacled rune of Zot
 41506 | Shoals:4 | Paralysed by an air elemental for 1 turns
 41723 | Vaults:1 | Entered Level 1 of the Vaults
 42187 | Vaults:1 | Found a huge runed gate.
 42187 | Vaults:1 | Found a huge runed gate.
 42187 | Vaults:1 | Found a huge runed gate.
 42187 | Vaults:1 | Found a huge runed gate.
 42188 | Vaults:1 | Found a huge runed gate.
 42188 | Vaults:1 | Found a huge runed gate.
 42188 | Vaults:1 | Found a huge runed gate.
 42188 | Vaults:1 | Found a huge runed gate.
 42190 | Vaults:1 | Found a huge runed gate.
 42192 | Vaults:1 | Found a huge runed gate.
 42192 | Vaults:1 | Found a huge runed gate.
 42192 | Vaults:1 | Found a huge runed gate.
 42192 | Vaults:1 | Found a huge runed gate.
 42192 | Vaults:1 | Found a huge runed gate.
 42192 | Vaults:1 | Found a huge runed gate.
 42193 | Vaults:1 | Found a huge runed gate.
 42196 | Vaults:1 | Found a huge runed gate.
 42238 | Vaults:1 | Found a huge runed gate.
 42238 | Vaults:1 | Found a huge runed gate.
 42238 | Vaults:1 | Found a huge runed gate.
 42238 | Vaults:1 | Found a huge runed gate.
 42238 | Vaults:1 | Found a huge runed gate.
 42238 | Vaults:1 | Found a huge runed gate.
 42239 | Vaults:1 | Found a huge runed gate.
 42240 | Vaults:1 | Found a huge runed gate.
 42463 | Vaults:1 | Reached XP level 20. HP: 57/99 MP: 0/0
 42632 | Vaults:1 | Found a huge runed gate.
 43192 | Vaults:1 | Found a huge runed gate.
 43192 | Vaults:1 | Found a huge runed gate.
 43192 | Vaults:1 | Found a huge runed gate.
 43192 | Vaults:1 | Found a huge runed gate.
 43192 | Vaults:1 | Found a huge runed gate.
 43192 | Vaults:1 | Found a huge runed gate.
 43193 | Vaults:1 | Found a huge runed gate.
 43194 | Vaults:1 | Found a huge runed gate.
 43195 | Vaults:1 | Found a huge runed gate.
 43203 | Vaults:1 | Found a huge runed gate.
 43213 | Vaults:1 | Reached skill level 22 in Spellcasting
 43978 | Vaults:2 | Found Wyqedd's Distillery.
 44120 | Vaults:2 | Found a staircase to the Crypt.
 45628 | Vaults:3 | Reached XP level 21. HP: 96/102 MP: 0/0
 45628 | Vaults:3 | Learned a level 7 spell: Enfeeble
 46699 | Vaults:4 | Reached skill level 15 in Dodging
 47483 | Vaults:4 | Noticed a golden dragon
 47487 | Vaults:4 | Killed a golden dragon
 48218 | Elf:1    | Entered Level 1 of the Elven Halls
 48265 | Elf:1    | Found Medaxuuq's Armour Shop.
 48438 | Elf:1    | Reached XP level 22. HP: 44/108 MP: 0/0
 48535 | Elf:1    | You are sucked into a shaft and drop 1 floor!
 49008 | Elf:1    | Noticed Jorgrun
 49016 | Elf:1    | Killed Jorgrun
 49019 | Elf:1    | Found a portal to a secret trove of treasure.
 49057 | Elf:1    | Found Qiabin's Antique Weapon Shop.
 49390 | Elf:1    | Found Medaxuuq's Armour Shop.
 49816 | Elf:2    | Reached skill level 23 in Spellcasting
 49884 | Elf:2    | Found a runed translucent gate.
 49885 | Elf:2    | Found a runed translucent gate.
 49885 | Elf:2    | Found a runed translucent gate.
 50503 | Elf:2    | Noticed Nikola
 50713 | Elf:2    | Killed Nikola
 52099 | Vaults:1 | Identified the ring of the Heavens {MP+9 Int+4}
 52111 | Vaults:1 | Reached XP level 23. HP: 34/111 MP: 0/0
 52111 | Vaults:1 | Learned a level 7 spell: Summon Hydra
 52111 | Vaults:1 | Killed from afar by a tengu reaver

Illustrated notes

Levels and vault maps discovered:
D:1:      dpeg_arrival_round_a, layout_basic,
          shapermc_ecumenical_altar_mp_urbaneastern,
          chequers_serial_rivers_micro_a
D:2:      layout_rooms
D:3:      layout_rooms, ebering_ghost_sewer_d, lexackson_kobold_supper,
          uniq_natasha
D:4:      layout_layer_cave
D:5:      layout_loops_corners, serial_shops, shop, nicolae_shop_hallway_plus,
          shop, nicolae_shop_overgrown_old_shop, nicolae_take_the_stairs,
          uniq_eustachio, uniq_menkaure
D:6:      layout_loops_ring, nicolae_gozag_seed_capital
D:7:      hellmonk_destroyed_diamonds, layout_basic,
          minmay_temple_entry_sparse_star, gammafunk_ghost_smash
D:8:      layout_cave_pools
D:9:      layout_irregular_city, hangedman_abyss_or_decor_lesser_grid,
          uniq_maurice, uniq_psyche
D:10:     layout_long_grid, uniq_erolcha
D:11:     minmay_cut_squares, layout_basic, erik_lair_orcish_takeover,
          david_orc_4, kb_rosetta, uniq_fannar
D:12:     layout_layer_cave, uniq_gastronok
D:13:     layout_cave_pools, david_vaults_3, serial_shops, nicolae_shop_crystal
D:14:     layout_basic, corexii_hall_statues_x, special_room [special_room_bee],
          grunt_decor_resistance, kennysheep_generic_room_15
D:15:     grunt_enter_depths_hoard, layout_gridville, serial_shops,
          nicolae_shop_hallway_stairs, nicolae_water_bricks
Temple:   regret_index_temple_sigil_plot
Lair:1:   layout_gridlike, basic_altar, chequers_serial_rivers_micro_d
Lair:2:   layout_hall_layers, spider_nest_entry_a, gammafunk_ghost_hydra_chop,
          uniq_erica
Lair:3:   layout_cave_pods, portal_ice_cave_entry_pillars_2, basic_altar,
          chequers_serial_rivers_room_b, beast_lair_carwin_8
Lair:4:   layout_gridlike, elwin_shoals_entry_rooms, ebering_ghost_xom
Lair:5:   layout_gridlike, slime_dummy, chequers_serial_rivers_small_b,
          infiniplex_staircase_pool, uniq_kirke
Lair:6:   minmay_lair_end_enchanted_forest, layout_layer_cave,
          grunt_megastairs_2, uniq_josephine
Shoals:1: layout_shoals
Shoals:2: layout_shoals, serial_shops, nicolae_shop_crystal
Shoals:3: layout_shoals
Shoals:4: shoals_end_hellmonk_storm_palace [storm_palace_center_square,
          storm_palace_corner_grid, storm_palace_corner_altar,
          storm_palace_corner_grid, storm_palace_corner_reverse_hut],
          serial_shops
Spider:1: nicolae_spider_jumping_over_cracks [nicolae_spider_jumping_sub_offset,
          nicolae_spider_jumping_sub_grid, nicolae_spider_jumping_sub_lanes,
          nicolae_spider_jumping_sub_stairs]
Spider:2: layout_spider_delve, hangedman_spider_tarantella_strand, uniq_roxanne,
          uniq_mlioglotl
Spider:3: layout_chambers
Spider:4: grunt_spider_rune_parallel, uniq_arachne
Orc:1:    layout_diamond_mine, enter_volcano_4
Orc:2:    st_orc_town, layout_diamond_mine, serial_shops, nicolae_shop_crystal,
          minmay_orc_treasury
Elf:1:    minmay_elf_arrival_summoners, layout_rooms, serial_shops,
          nicolae_shop_stone, shop, nicolae_trove_entry_crystal,
          evilmike_minifort, uniq_jorgrun
Elf:2:    nicolae_elf_blades_crystal_corner, layout_loops_corners, special_room
          [special_room_mythical_zoo], uniq_nikola
Vaults:1: door_vault, v_alt_pattern_3, nicolae_vaults_network_periphery,
          hangedman_vaults_snaps, hangedman_vaults_maws, hangedman_vaults_pinch,
          vaults_room_semicircle, ontoclasm_vaults_pinch,
          vaults_dpeg_encased_lava, vaults_room_stairs_pillars,
          vaults_room_corners, layout_vaults_maze_snakey
Vaults:2: v_rooms_4, minmay_crypt_entry_simple_sparse, nicolae_vaults_alarming,
          v_misc_25, nicolae_vaults_three_branches,
          vaults_standard_mumra_enter_the_diamond, v_alt_pattern_3,
          vaults_dpeg_cross, layout_vaults_omnigrid, serial_shops,
          nicolae_shop_hallway_stairs
Vaults:3: portal_desolation_entry_salt, st_lines, v_misc_12, v_alt_pattern_1,
          v_misc_23, nicolae_vaults_ninety_degrees, vaults_standard_mumra_x,
          ontoclasm_vaults_gateway, nicolae_vaults_little_squares_6, v_misc_3,
          vaults_dpeg_spiral, hangedman_vaults_nails,
          ontoclasm_vaults_decontamination, layout_vaults_big_cross
Vaults:4: hangedman_vaults_restitches, nicolae_vaults_little_squares_2,
          v_misc_29, st_spiral_rooms, vaults_mumra_chevron_long, v_rooms_3,
          grunt_vaults_hallway_long, vaults_mumra_lcd, v_misc_28, v_pattern_2,
          vaults_dpeg_hooks, v_alt_pattern_2, layout_vaults_omnibox

Skill      XL: |  1  2  3  4  5  6  7  8  9 10 11 12 13 14 15 16 17 18 19 20 21 22 |
---------------+-------------------------------------------------------------------+-----
Spellcasting   | 3 4 5 7 8 9 11 12 13 14 15 16 18 20 21 22 23 | 23.9
Shields        | 2 4 7 8 9 10 11 13 14 | 14.0
Armour         | 4 7 9 10 11 12 13 | 13.9
Dodging        | 5 8 10 11 13 14 15 | 15.3
Stealth        | |  1.5

Action                   |  1- 3 |  4- 6 |  7- 9 | 10-12 | 13-15 | 16-18 | 19-21 | 22-24 || total
-------------------------+-------+-------+-------+-------+-------+-------+-------+-------++-------
Melee: Dagger            |       |    24 |       |     2 |       |       |       |       ||    26
       Punch             |       |     1 |       |       |       |       |       |       ||     1
       Morningstar       |       |       |       |     1 |     3 |     4 |     3 |       ||    11
 Cast: Foxfire           |    68 |   141 |     7 |       |    62 |    71 |       |       ||   349
       Scorch            |     1 |     6 |       |       |       |       |       |       ||     7
       Conjure Flame     |       |     1 |     5 |     1 |     2 |       |       |       ||     9
       Stone Arrow       |       |       |   114 |   242 |   590 |   985 |   518 |   151 ||  2600
       Passwall          |       |       |       |     1 |       |     3 |       |       ||     4
       Iskenderun's Batt |       |       |       |       |    53 |    35 |     1 |       ||    89
       Iskenderun's Myst |       |       |       |       |     1 |    68 |   159 |    25 ||   253
       Flame Wave        |       |       |       |       |       |     3 |       |       ||     3
       Agony             |       |       |       |       |       |     1 |       |       ||     1
       Orb of Destructio |       |       |       |       |       |       |   287 |   109 ||   396
       Enfeeble          |       |       |       |       |       |       |     6 |     5 ||    11
Invok: Ancestor Identity |       |       |     1 |       |       |       |       |       ||     1
       Ancestor Life: He |       |       |       |     1 |       |       |       |       ||     1
       Recall Ancestor   |       |       |       |       |       |     1 |     1 |       ||     2
  Use: Scroll            |     2 |     4 |     4 |     7 |    14 |     7 |     5 |     1 ||    44
       Potion            |       |       |       |       |     4 |     3 |     6 |       ||    13
 Stab: Paralysed         |       |       |       |       |       |     1 |       |       ||     1
Armor: Robe              |     9 |     8 |     1 |       |       |       |       |       ||    18
       Steam dragon scal |       |       |     7 |    13 |    23 |    10 |       |       ||    53
       Ring mail         |       |       |       |       |       |    83 |    46 |    11 ||   140
Dodge: Dodged            |    29 |     6 |     6 |    12 |    45 |   157 |    58 |    24 ||   337
Block: Tower shield      |       |       |    14 |    54 |   144 |   516 |   272 |    78 ||  1078

Table legend: (Time is in decaauts)
 A = Elapsed time spent in this place.
 B = Non-inter-level travel time spent in this place.
 C = Inter-level travel time spent in this place.
 D = Time resting spent in this place.
 E = Time spent auto-exploring this place.
 F = Levels seen in this place.
 G = Mean time per level.
                   A        B        C        D        E       F      G
               +--------+--------+--------+--------+--------+-----+--------+
         Total |  52163 |  49135 |   3028 |   9600 |  28672 |  39 | 1337.5 |
       Dungeon |  20797 |  19671 |   1126 |   4485 |  12179 |  15 | 1386.5 |
        Temple |    445 |    430 |     15 |      0 |    206 |   1 |  445.0 |
          Lair |   8544 |   8115 |    429 |   1246 |   4804 |   6 | 1424.0 |
        Shoals |   3510 |   3422 |     88 |    192 |   2481 |   4 |  877.5 |
   Spider Nest |   6235 |   6021 |    214 |   2059 |   2510 |   4 | 1558.8 |
  Orcish Mines |   2009 |   1704 |    305 |      0 |    890 |   2 | 1004.5 |
   Elven Halls |   3154 |   3020 |    134 |    370 |   1863 |   2 | 1577.0 |
        Vaults |   6872 |   6156 |    716 |   1233 |   3456 |   4 | 1718.0 |
       Volcano |    592 |    592 |      0 |     15 |    283 |   1 |  592.0 |
               +--------+--------+--------+--------+--------+-----+--------+

Top non-repeatable levels by time:
Spider:3: 3252 daAuts
    D:12: 3227 daAuts
Vaults:1: 2228 daAuts
     D:1: 2161 daAuts
  Lair:6: 2111 daAuts
Vaults:4: 2063 daAuts
   Elf:2: 1955 daAuts
  Lair:2: 1843 daAuts
    D:11: 1733 daAuts
   Orc:2: 1539 daAuts
     D:3: 1529 daAuts
     D:6: 1460 daAuts
Spider:2: 1404 daAuts
     D:5: 1377 daAuts
Vaults:3: 1376 daAuts
